Description

TvT Macro Focused BO from HuShang Tutorials on YT. Video link Included. Comment any mistakes please.

VOD

https://www.youtube.com/watch?v=CupNHJotqmQ

Build Order

Get SALT Encoding   

  14  0:17  Supply Depot  
  15  0:26  Refinery Rally 15th SCV to Gas Gyser  
  16  0:44  Barracks Fully Saturate Refinery with 16th SCV rally and 1 more from Mineral LIne. Then send 1 SCV to scout.  
  19  1:35  Reaper, Orbital Command  
  20  1:47  Command Center  
  20  1:57  Factory IMPORTANT: Factory BEFORE 2nd Depot.  
  21  2:07  Barracks Reactor Marine Prod. @ 100%  
  22  2:16  Supply Depot  
  22  2:20  Refinery Saturate @ 100%  
  24  2:43  Factory Tech Lab  
  26  2:45  Marine x2 Start Marine Prod. Stop @ 4  
  30  3:00  Orbital Command, Cyclone Nat. CC, @ 100% Fac. Tech Lab  
  33  3:03  Marine x2  
  33  3:11  Starport @ 100 Gas. Prioritize SCV. // Retreat from Nat. & defend high ground until Cyclone is done. Pause Marine Prod. @ 4 Marines  
  39  3:37  Siege Tank @ 100% Cyclone: Retake Nat. w/ units, transfer SCVs to Nat.  
  41  3:44  Supply Depot, Refinery Cont. Supply Depot Prod.  
  43  3:51  Marine x2 Cut Marine Prod. @ 6 Marines  
  44  3:52  Starport Tech Lab @ 100% Starport  
  51  4:18  Raven  
  51  4:29  Command Center @ 100% Transfer to 3rd Base Loaction. Should line up w/ Nat. Full Saturation  
  55  4:34  Siege Tank  
  58  4:41  Marine x2 Start Marine Prod. Again // @ 5:00 - 5:30Scan Opp. Base to see what they're building.  
  65  5:01  Raven As Gas Allows. Stop Raven Prod. @ 2 Ravens  
  70  5:06  Siege Tank As Gas Allows  
  70  5:12  Refinery Take when Nat. @ 16/16 Mineral Saturation  
  70  5:13  Supply Depot Begin making 2 Supp. Depots at a time.  
  78  5:34  Barracks x2  
  79  5:41  Siege Tank Constant Siege Tank & Marine Prod.  
  81  5:44  Starport Reactor Lift Starport & Replace w/ Barracks on Tech Lab for Stim.  
  82  5:54  Engineering Bay x2, Stimpack  
  83  6:03  Orbital Command @ 3rd CC on Location.  
  90  6:27  Terran Infantry Weapons Level 1, Terran Infantry Armor Level 1 @ 100% Engi. Bays. | Armory @ 50% +1/+1  
  92  6:33  Starport Reactor @ 100% Barracks: Lift Starport to build another Reactor. Lift Barracks to empty Reactors.  
  104  6:50  Barracks x2  
  108  6:59  Refinery x2 Grab both Gases @ 3rd when 16/16 Mineral Sat.  
  118  7:13  Medivac x2  
  121  7:24  Armory @ this point of the game just Macro Cycle. Spend Gas, then Minerals on Marines, then Depots. (Sidenote: HuShang stop SCV Prod.)  
  135  7:49  Viking x2 Start Viking Prod. after 2 Medivacs OR Continue Medivac Prod. if AGGRO focused.  
  140  8:00  Command Center 4th CC. | Turrets and Sensor Towers. "TvT Chess Games Begins"  
  140  8:17  Terran Vehicle Weapons Level 1 @ 100 Armory  
  145  8:22  Terran Infantry Armor Level 2, Terran Infantry Weapons Level 2 @ 100% +1/+1  
Spawning Tool Build Advisor. Get it on Overwolf

Go to:

Details

  • Created by: ttam.mi
  • Published on: Oct 09, 2022
  • Modified on: Oct 12, 2022
  • Patch: 4.11.0
  • Difficulty: Easy
Show
View Real Time Build Order
Export as new Build Order

Comments (0)

There are no comments. Be the first!

Create an account to comment!